AoeStats
← Erickinio

Arabia

509007218Analyzed
3v3 RM · 7d ago on Sep 25, 2026· 48m 35s· 6 players
Game mode
Random Map
Map size
Normal (6 player)
Population
200
Speed
Normal
Resources
Standard
Victory
Conquest
Starting age
Dark Age
Ending age
Imperial Age
RankedLock teamsTeams togetherTeam positionsShared explorationLock speedFull tech treeHidden civsTurbo modeCheats
Victory
Defeat
🇺🇾 Ethiopians · Uruguay
1014
+12
🇺🇾 Mongols · Uruguay
908
+17
🇺🇾 Danes · Uruguay
906
+17
🇵🇪 Franks · Peru
938
-16
🇺🇸 Varangians · United States
926
-24
🇦🇷 Celts · Argentina
908
-15
JESUSezLORD92
5:30 Loom
12:55 Feudal Age
19:15 Castle Age
19:27 Bloodlines
19:35 Light Cavalry
22:09 Husbandry
23:36 Horse Collar
24:17 Forging
32:30 Double-Bit Axe
35:20 Scale Barding Armor
35:39 Squires
35:24 Gambesons
36:21 Wheelbarrow
40:27 Heavy Plow
42:56 Chain Barding Armor
46:56 Scale Mail Armor
Erickinio
8:04 Loom
10:46 Feudal Age
11:28 Double-Bit Axe
12:32 Man-at-Arms
19:58 Scale Mail Armor
23:00 Forging
24:26 Fletching
25:41 Gold Mining
25:42 Stone Mining
30:06 Castle Age
29:21 Padded Archer Armor
30:48 Bodkin Arrow
36:52 Elite Skirmisher
39:28 Stronghold
demenex
6:49 Loom
11:21 Feudal Age
13:11 Wheelbarrow
12:23 Double-Bit Axe
17:32 Castle Age
18:36 Hand Cart
19:20 Scale Barding Armor
23:02 Forging
23:00 Pikeman
23:39 Gold Mining
24:28 Stone Mining
25:39 Gold Shaft Mining
25:29 Town Watch
26:45 Iron Casting
32:48 Imperial Age
31:05 Scale Mail Armor
31:36 Bow Saw
32:01 Town Patrol
34:52 Halberdier
40:52 Chain Barding Armor
el_sego
7:56 Loom
10:07 Feudal Age
10:39 Double-Bit Axe
11:13 Horse Collar
21:24 Castle Age
20:08 Gold Mining
20:31 Bloodlines
20:44 Forging
20:51 Scale Barding Armor
22:25 Bow Saw
22:20 Husbandry
22:36 Heavy Plow
33:47 Gold Shaft Mining
38:54 Wheelbarrow
38:17 Stone Mining
38:30 Pikeman
46:52 Imperial Age
44:41 Forging
47:33 Iron Casting
46:54 Elite Steppe Lancer
49:29 Blast Furnace
Ragnarok
4:42 Loom
5:17 Loom
6:26 Loom
6:57 Loom
9:33 Feudal Age
11:00 Double-Bit Axe
12:37 Fletching
16:19 Wheelbarrow
22:15 Castle Age
20:19 Horse Collar
22:55 Wheelbarrow
22:49 Crossbowman
24:23 Bodkin Arrow
26:01 Bow Saw
26:46 Padded Archer Armor
27:13 Hand Cart
29:39 Padded Archer Armor
30:24 Thumb Ring
32:51 Leather Archer Armor
32:35 Town Watch
36:20 Imperial Age
35:54 Ballistics
36:50 Arbalester
38:54 Conscription
40:29 Chemistry
40:25 Ring Archer Armor
39:57 Bracer
41:42 Forging
41:32 Scale Mail Armor
43:36 Elite Shotel Warrior
Q13
0:27 Loom
9:12 Feudal Age
10:51 Double-Bit Axe
21:15 Castle Age
19:27 Horse Collar
19:42 Gold Mining
20:21 Stone Mining
21:31 Scale Mail Armor
21:41 Forging
28:22 Chain Mail Armor
32:00 Squires
31:45 Gambesons
31:46 Arson
38:34 Imperial Age
36:46 Wheelbarrow
39:37 Gold Shaft Mining
39:59 Capped Ram
40:28 Elite Varangian Guard
45:11 Hand Cart
45:42 Iron Casting
45:37 Plate Mail Armor
46:13 Conscription
45:22 Hamask
47:01 Elite Jomsviking
Connection lost

Rejoining the realm…

Still unreachable

The connection could not be restored.

Session expired

The server has moved on; the page needs a fresh start.